| TOP OF THE 1ST |
|
New York Mets batting - Pitching for Atlanta Braves : LHP Nolan Stefanski
|
|
Pitching: LHP Nolan Stefanski
|
|
|
Batting: LHB Kevin Bellman
|
0-0: Swinging Strike 0-1: Ball 1-1: Ball 2-1: Foul Ball, location: 2F 2-2: Strikes out looking
|
|
Batting: RHB Josh Jones
|
0-0: Called Strike 0-1: Swinging Strike 0-2: Ball 1-2: Foul Ball, location: 2F 1-2: Strikes out swinging
|
|
Batting: SHB Sean Cook
|
0-0: Ball 1-0: Swinging Strike 1-1: Called Strike 1-2: Strikes out swinging
|
| Top of the 1st over - 0 runs, 0 hits, 0 errors, 0 left on base; New York 0 - Atlanta 0 |
| BOTTOM OF THE 1ST |
|
Atlanta Braves batting - Pitching for New York Mets : RHP Andy Reinhardt
|
|
Pitching: RHP Andy Reinhardt
|
|
|
Batting: RHB Yasuhide Kasahara
|
0-0: Called Strike 0-1: Ground out U3 (Groundball, 34, EV 106.2 MPH)
|
|
Batting: SHB Floyd-William Goof
|
0-0: Swinging Strike 0-1: Ball 1-1: Ball 2-1: Foul Ball, location: 2F 2-2: Ground out U3 (Groundball, 3L, EV 86.2 MPH)
|
|
Batting: RHB Kevin Howard
|
0-0: Ball 1-0: Fly out, F9 (Flyball, 9LM, EV 81.2 MPH)
|
| Bottom of the 1st over - 0 runs, 0 hits, 0 errors, 0 left on base; New York 0 - Atlanta 0 |
| TOP OF THE 2ND |
|
New York Mets batting - Pitching for Atlanta Braves : LHP Nolan Stefanski
|
|
Batting: RHB Jeff Jank
|
0-0: Foul Ball, location: 2F 0-1: Foul Ball, location: 2F 0-2: Ball 1-2: Ball 2-2: Ground out 6-3 (Groundball, 6S, EV 80.6 MPH)
|
|
Batting: SHB Nelle van den Berg
|
0-0: Ball 1-0: Ball 2-0: Ball 3-0: Base on Balls
|
|
Batting: RHB Drtian Thaqi
|
0-0: Ball Nelle van den Berg is caught stealing 2nd base 2-4 1-0: Foul Ball, location: 2F 1-1: Ground out 6-3 (Groundball, 6S, EV 76.9 MPH)
|
| Top of the 2nd over - 0 runs, 0 hits, 0 errors, 0 left on base; New York 0 - Atlanta 0 |
| BOTTOM OF THE 2ND |
|
Atlanta Braves batting - Pitching for New York Mets : RHP Andy Reinhardt
|
|
Batting: LHB Erik Gretzky
|
0-0: Called Strike 0-1: Ball 1-1: Ball 2-1: Swinging Strike 2-2: SINGLE (Groundball, 34D, EV 97.5 MPH)
|
|
Batting: RHB Ike Trout
|
0-0: Called Strike 0-1: Ball 1-1: Swinging Strike 1-2: Foul Ball, location: 2F 1-2: Foul Ball, location: 2F 1-2: Fielders Choice at 2nd, 6-4 (Groundball, 56, EV 84.4 MPH)
|
|
Batting: RHB Manny Vergara
|
0-0: Ball 1-0: DOUBLE (Line Drive, 7LS, EV 97.5 MPH) Ike Trout to third
|
|
Batting: LHB Evan Torraville
|
0-0: Ball 1-0: Ground out 1-3 (Groundball, 13, EV 71.9 MPH)
|
|
Batting: RHB Erik Coleman
|
0-0: Foul Ball, location: 2F 0-1: Ball 1-1: Called Strike 1-2: Ground out 6-3 (Groundball, 6, EV 101.2 MPH)
|
| Bottom of the 2nd over - 0 runs, 2 hits, 0 errors, 2 left on base; New York 0 - Atlanta 0 |
| TOP OF THE 3RD |
|
New York Mets batting - Pitching for Atlanta Braves : LHP Nolan Stefanski
|
|
Batting: LHB Chris Ringwood
|
0-0: Swinging Strike 0-1: Ball 1-1: Ball 2-1: Ball 3-1: Fly out, F4 (Popup, 13S, EV 78.1 MPH)
|
|
Batting: SHB Billy Encinias
|
0-0: Ground out 6-3 (Groundball, 6D, EV 109.4 MPH)
|
|
Batting: RHB Finn Ross
|
0-0: Called Strike 0-1: Ball 1-1: Swinging Strike 1-2: Ball 2-2: Foul Ball, location: 2F 2-2: Strikes out looking
|
| Top of the 3rd over - 0 runs, 0 hits, 0 errors, 0 left on base; New York 0 - Atlanta 0 |
| BOTTOM OF THE 3RD |
|
Atlanta Braves batting - Pitching for New York Mets : RHP Andy Reinhardt
|
|
Batting: RHB J.J. Powers
|
0-0: Called Strike 0-1: Called Strike 0-2: Ball 1-2: Strikes out looking
|
|
Batting: RHB Yasuhide Kasahara
|
0-0: Foul Ball, location: 2F 0-1: Ball 1-1: Ball 2-1: Ball 3-1: Fly out, F4 (Popup, 3D, EV 50.0 MPH)
|
|
Batting: SHB Floyd-William Goof
|
0-0: Called Strike 0-1: Ball 1-1: Ball 2-1: Ball 3-1: Base on Balls
|
|
Batting: RHB Kevin Howard
|
0-0: Ball Floyd-William Goof steals 2nd base 1-0: Called Strike 1-1: Ball 2-1: Ball 3-1: SINGLE (Line Drive, 9S, EV 106.2 MPH) Floyd-William Goof to third Runner from 3rd tries for Home, SAFE, throw by RF to home
|
|
Batting: LHB Erik Gretzky
|
0-0: Called Strike 0-1: Called Strike 0-2: Ball 1-2: Strikes out looking
|
| Bottom of the 3rd over - 1 run, 1 hit, 0 errors, 1 left on base; New York 0 - Atlanta 1 |
| TOP OF THE 4TH |
|
New York Mets batting - Pitching for Atlanta Braves : LHP Nolan Stefanski
|
|
Batting: LHB Kevin Bellman
|
0-0: Ball 1-0: Ball 2-0: Called Strike 2-1: Called Strike 2-2: Strikes out swinging
|
|
Batting: RHB Josh Jones
|
0-0: Ball 1-0: Fly out, F7 (Flyball, 78D, EV 95.0 MPH)
|
|
Batting: SHB Sean Cook
|
0-0: Ball 1-0: Ball 2-0: Ball 3-0: Called Strike 3-1: Base on Balls
|
|
Batting: RHB Jeff Jank
|
0-0: Called Strike 0-1: Ball 1-1: Ball Sean Cook steals 2nd base 2-1: Ball 3-1: SINGLE (Line Drive, 8RS, EV 94.4 MPH) Sean Cook to third Runner from 3rd tries for Home, SAFE, throw by CF to home
|
|
Batting: SHB Nelle van den Berg
|
0-0: Ball 1-0: Ball 2-0: Ball 3-0: Called Strike 3-1: Foul Ball, location: 2F 3-2: Base on Balls Jeff Jank to second
|
|
Batting: RHB Drtian Thaqi
|
0-0: Called Strike 0-1: Called Strike 0-2: Foul Ball, location: 2F 0-2: Ball 1-2: Strikes out looking
|
| Top of the 4th over - 1 run, 1 hit, 0 errors, 2 left on base; New York 1 - Atlanta 1 |
| BOTTOM OF THE 4TH |
|
Atlanta Braves batting - Pitching for New York Mets : RHP Andy Reinhardt
|
|
Batting: RHB Ike Trout
|
0-0: Ball 1-0: Ground out 6-3 (Groundball, 6, EV 107.5 MPH)
|
|
Batting: RHB Manny Vergara
|
0-0: Swinging Strike 0-1: Ball 1-1: Foul Ball, location: 2F 1-2: Ball 2-2: Strikes out swinging
|
|
Batting: LHB Evan Torraville
|
0-0: Foul Ball, location: 2F 0-1: Ball 1-1: Foul Ball, location: 2F 1-2: Ground out 2-3 (Groundball, 13S, EV 69.4 MPH)
|
| Bottom of the 4th over - 0 runs, 0 hits, 0 errors, 0 left on base; New York 1 - Atlanta 1 |
| TOP OF THE 5TH |
|
New York Mets batting - Pitching for Atlanta Braves : LHP Nolan Stefanski
|
|
Batting: LHB Chris Ringwood
|
0-0: Foul Ball, location: 2F 0-1: Ball 1-1: Swinging Strike 1-2: Ball 2-2: Ground out U3 (Groundball, 3S, EV 68.1 MPH)
|
|
Batting: SHB Billy Encinias
|
0-0: Swinging Strike 0-1: DOUBLE (Groundball, 3L, EV 108.8 MPH)
|
|
Batting: RHB Finn Ross
|
0-0: Swinging Strike 0-1: Foul Ball, location: 2F 0-2: Ball 1-2: Ball 2-2: Foul Ball, location: 2F 2-2: Ground out 6-3 (Groundball, 6, EV 86.2 MPH) Billy Encinias to third
|
|
Batting: LHB Kevin Bellman
|
0-0: Ball 1-0: Swinging Strike 1-1: Ball 2-1: Called Strike 2-2: Strikes out looking
|
| Top of the 5th over - 0 runs, 1 hit, 0 errors, 1 left on base; New York 1 - Atlanta 1 |
| BOTTOM OF THE 5TH |
|
Atlanta Braves batting - Pitching for New York Mets : RHP Andy Reinhardt
|
|
Batting: RHB Erik Coleman
|
0-0: Ball 1-0: Ball 2-0: Swinging Strike 2-1: Ball 3-1: Fly out, F7 (Flyball, 7, EV 95.6 MPH)
|
|
Batting: RHB J.J. Powers
|
0-0: Ball 1-0: Ball 2-0: Ball 3-0: Base on Balls
|
|
Batting: RHB Yasuhide Kasahara
|
0-0: Called Strike 0-1: Ball 1-1: SINGLE (Groundball, 4M, EV 96.9 MPH) (infield hit) J.J. Powers to second
|
|
Batting: SHB Floyd-William Goof
|
0-0: Called Strike 0-1: Foul Ball, location: 2F 0-2: Ball 1-2: Ball 2-2: Fly out, F6 (Line Drive, 56D, EV 72.5 MPH)
|
|
Batting: RHB Kevin Howard
|
0-0: Ball 1-0: Foul Ball, location: 2F 1-1: Ball 2-1: Foul Ball, location: 2F 2-2: Strikes out swinging
|
| Bottom of the 5th over - 0 runs, 1 hit, 0 errors, 2 left on base; New York 1 - Atlanta 1 |
| TOP OF THE 6TH |
|
New York Mets batting - Pitching for Atlanta Braves : LHP Nolan Stefanski
|
|
Batting: RHB Josh Jones
|
0-0: Called Strike 0-1: SINGLE (Groundball, 56D, EV 106.2 MPH)
|
|
Batting: SHB Sean Cook
|
0-0: Ball 1-0: Foul Ball, location: 2F 1-1: Ball 2-1: Ball Josh Jones steals 2nd base 3-1: Base on Balls
|
|
Batting: RHB Jeff Jank
|
0-0: Called Strike 0-1: Ball 1-1: Ball 2-1: Foul Ball, location: 2F 2-2: Ball Wild Pitch! Josh Jones to third Sean Cook to second 3-2: Foul Ball, location: 2F 3-2: Base on Balls
|
|
Batting: SHB Nelle van den Berg
|
0-0: Foul Ball, location: 2F 0-1: Ball 1-1: Grounds into fielders choice 4-2 (Groundball, 4, EV 82.5 MPH) Sean Cook to third Jeff Jank to second
|
|
Batting: RHB Drtian Thaqi
|
0-0: Ball 1-0: Foul Ball, location: 2F 1-1: Swinging Strike 1-2: Ball 2-2: Ball 3-2: Foul Ball, location: 2F 3-2: SINGLE (Flyball, 34D, EV 95.0 MPH) Sean Cook scores Jeff Jank to third Nelle van den Berg to second
|
|
Pitching: RHP Troy Hutch
|
|
|
Batting: LHB Chris Ringwood
|
0-0: Ball 1-0: Foul Ball, location: 2F 1-1: Grounds into fielders choice 3-2 (Groundball, 34, EV 80.6 MPH) Nelle van den Berg to third Drtian Thaqi to second
|
|
Batting: SHB Billy Encinias
|
0-0: Called Strike 0-1: Called Strike 0-2: Foul Ball, location: 2F 0-2: Foul Ball, location: 2F 0-2: Strikes out swinging
|
| Top of the 6th over - 1 run, 2 hits, 0 errors, 3 left on base; New York 2 - Atlanta 1 |
| BOTTOM OF THE 6TH |
|
Atlanta Braves batting - Pitching for New York Mets : RHP Andy Reinhardt
|
|
Batting: LHB Erik Gretzky
|
0-0: Fly out, F8 (Flyball, 8LM, EV 74.4 MPH)
|
|
Batting: RHB Ike Trout
|
0-0: Ball 1-0: Foul Ball, location: 2F 1-1: Called Strike 1-2: Strikes out looking
|
|
Batting: RHB Manny Vergara
|
0-0: Called Strike 0-1: Foul Ball, location: 2F 0-2: Ball 1-2: Ball 2-2: Ball 3-2: Strikes out swinging
|
| Bottom of the 6th over - 0 runs, 0 hits, 0 errors, 0 left on base; New York 2 - Atlanta 1 |
| TOP OF THE 7TH |
|
New York Mets batting - Pitching for Atlanta Braves : RHP Troy Hutch
|
|
Batting: RHB Finn Ross
|
0-0: Called Strike 0-1: SINGLE (Groundball, 3D, EV 102.5 MPH)
|
|
Batting: LHB Kevin Bellman
|
0-0: Ball 1-0: Called Strike 1-1: Swinging Strike 1-2: Ball 2-2: SINGLE (Groundball, 4S, EV 71.2 MPH) (infield hit) Finn Ross to second
|
|
Batting: RHB Josh Jones
|
0-0: Ball 1-0: Called Strike 1-1: Ball 2-1: Called Strike 2-2: Foul Ball, location: 2F 2-2: Foul Ball, location: 2F 2-2: Ball 3-2: Strikes out swinging
|
|
Batting: SHB Sean Cook
|
0-0: Ball 1-0: Ball 2-0: Swinging Strike 2-1: Ball 3-1: Foul Ball, location: 2F 3-2: Foul Ball, location: 2F 3-2: Base on Balls Finn Ross to third Kevin Bellman to second
|
|
Batting: RHB Jeff Jank
|
0-0: Called Strike 0-1: Ball 1-1: Ball 2-1: Foul Ball, location: 2F 2-2: Ball 3-2: Foul Ball, location: 2F 3-2: Foul Ball, location: 2F 3-2: Foul Ball, location: 2F 3-2: GRAND SLAM HOME RUN (Flyball, 78XD, EV 108.1 MPH), Distance : 424 ft
|
|
Pitching: RHP Alard Kraaijeveld
|
|
|
Batting: SHB Nelle van den Berg
|
0-0: Ball 1-0: Foul Ball, location: 2F 1-1: Ball 2-1: Foul Ball, location: 2F 2-2: Ground out U3 (Groundball, 3, EV 103.1 MPH)
|
|
Batting: RHB Drtian Thaqi
|
0-0: Foul Ball, location: 2F 0-1: Ball 1-1: Ball 2-1: Ball 3-1: Swinging Strike 3-2: Strikes out looking
|
| Top of the 7th over - 4 runs, 3 hits, 0 errors, 0 left on base; New York 6 - Atlanta 1 |
| BOTTOM OF THE 7TH |
|
Atlanta Braves batting - Pitching for New York Mets : RHP Andy Reinhardt
|
|
Batting: LHB Evan Torraville
|
0-0: Called Strike 0-1: Ground out U3 (Groundball, 3, EV 87.5 MPH)
|
|
Pitching: RHP Matt Laverty
|
|
|
Batting: RHB Erik Coleman
|
0-0: Swinging Strike 0-1: Foul Ball, location: 2F 0-2: SINGLE (Line Drive, 89S, EV 86.2 MPH)
|
|
Batting: RHB J.J. Powers
|
0-0: Ball 1-0: Ball 2-0: Ball 3-0: Base on Balls Erik Coleman to second
|
|
Batting: RHB Yasuhide Kasahara
|
0-0: Called Strike 0-1: Ball 1-1: Foul Ball, location: 2F 1-2: Foul Ball, location: 2F 1-2: Strikes out swinging
|
|
Batting: SHB Floyd-William Goof
|
0-0: Ball 1-0: Ball 2-0: Foul Ball, location: 2F 2-1: SINGLE (Groundball, 4MD, EV 101.2 MPH) Erik Coleman to third J.J. Powers to second Runner from 3rd tries for Home, SAFE, throw by CF to home
|
|
Batting: RHB Kevin Howard
|
0-0: Ground out 4-3 (Groundball, 4S, EV 87.5 MPH)
|
| Bottom of the 7th over - 1 run, 2 hits, 0 errors, 2 left on base; New York 6 - Atlanta 2 |
| TOP OF THE 8TH |
|
New York Mets batting - Pitching for Atlanta Braves : RHP Alard Kraaijeveld
|
|
Batting: LHB Chris Ringwood
|
0-0: Foul Ball, location: 2F 0-1: Called Strike 0-2: Ball 1-2: Ball 2-2: Foul Ball, location: 2F 2-2: Foul Ball, location: 2F 2-2: Ball 3-2: Foul Ball, location: 2F 3-2: Fly out, F9 (Flyball, 9LS, EV 93.1 MPH)
|
|
Batting: SHB Billy Encinias
|
0-0: Foul Ball, location: 2F 0-1: Ground out U3 (Groundball, 34S, EV 83.1 MPH)
|
|
Batting: RHB Finn Ross
|
0-0: Ball 1-0: Called Strike 1-1: Foul Ball, location: 2F 1-2: Foul Ball, location: 2F 1-2: Strikes out looking
|
| Top of the 8th over - 0 runs, 0 hits, 0 errors, 0 left on base; New York 6 - Atlanta 2 |
| BOTTOM OF THE 8TH |
|
Atlanta Braves batting - Pitching for New York Mets : RHP Matt Laverty
|
|
Batting: LHB Erik Gretzky
|
0-0: Ball 1-0: Ball 2-0: Ball 3-0: Base on Balls
|
|
Batting: RHB Ike Trout
|
0-0: Ball 1-0: 2-RUN HOME RUN (Flyball, 78XD, EV 115.0 MPH), Distance : 428 ft
|
|
Pitching: RHP Justin Overlie
|
|
|
Batting: RHB Manny Vergara
|
0-0: Ball 1-0: Foul Ball, location: 2F 1-1: Called Strike 1-2: Ground out 5-3 (Groundball, 5S, EV 88.8 MPH)
|
|
Batting: LHB Evan Torraville
|
0-0: Ball 1-0: Called Strike 1-1: Ball 2-1: Foul Ball, location: 2F 2-2: Strikes out swinging
|
|
Batting: RHB Erik Coleman
|
0-0: Foul Ball, location: 2F 0-1: Ball 1-1: Swinging Strike 1-2: SOLO HOME RUN (Flyball, 78XD, EV 100.6 MPH), Distance : 398 ft
|
|
Batting: RHB J.J. Powers
|
0-0: Ball 1-0: Ball 2-0: Ball 3-0: Called Strike 3-1: Base on Balls
|
|
Batting: RHB Yasuhide Kasahara
|
0-0: Ball J.J. Powers is caught stealing 2nd base 2-4
|
| Bottom of the 8th over - 3 runs, 2 hits, 0 errors, 0 left on base; New York 6 - Atlanta 5 |
| TOP OF THE 9TH |
|
New York Mets batting - Pitching for Atlanta Braves : RHP Alard Kraaijeveld
|
|
Batting: LHB Kevin Bellman
|
0-0: Foul Ball, location: 2F 0-1: Ground out 6-3 (Groundball, 6M, EV 108.1 MPH)
|
|
Batting: RHB Josh Jones
|
0-0: Ball 1-0: Ball 2-0: Called Strike 2-1: Ball 3-1: Base on Balls
|
|
Batting: SHB Sean Cook
|
0-0: Called Strike 0-1: Called Strike 0-2: Strikes out swinging
|
|
Batting: RHB Jeff Jank
|
0-0: Called Strike 0-1: Ball 1-1: Called Strike 1-2: Foul Ball, location: 2F 1-2: Foul Ball, location: 2F 1-2: Ball 2-2: Foul Ball, location: 2F 2-2: Ground out 5-3 (Groundball, 56, EV 104.4 MPH)
|
| Top of the 9th over - 0 runs, 0 hits, 0 errors, 1 left on base; New York 6 - Atlanta 5 |
| BOTTOM OF THE 9TH |
|
Atlanta Braves batting - Pitching for New York Mets : RHP Justin Overlie
|
|
Pitching: RHP Robbie Beerbower
|
|
|
Now in LF: Finn Ross
|
|
|
Now in CF: Antonio Aranda
|
|
|
Batting: RHB Yasuhide Kasahara
|
0-0: Fly out, F9 (Flyball, 89S, EV 85.0 MPH)
|
|
Batting: SHB Floyd-William Goof
|
0-0: Ball 1-0: Ball 2-0: Ball 3-0: Base on Balls
|
|
Batting: RHB Kevin Howard
|
0-0: Ball 1-0: Ball Passed Ball! Floyd-William Goof to second 2-0: Foul Ball, location: 2F 2-1: Ball 3-1: SINGLE (Groundball, 3D, EV 103.8 MPH) Floyd-William Goof to third Runner from 3rd tries for Home, SAFE, throw by RF to home
|
|
Pinch Runner at 1st Liangde Li:
|
|
|
Batting: LHB Erik Gretzky
|
0-0: Called Strike Liangde Li steals 2nd base 0-1: Swinging Strike 0-2: Ball 1-2: Ball 2-2: Ball 3-2: Intentional Walk
|
|
Batting: RHB Ike Trout
|
0-0: Called Strike 0-1: Swinging Strike 0-2: Strikes out swinging
|
|
Batting: RHB Manny Vergara
|
0-0: Ground out 4-3 (Groundball, 4, EV 80.0 MPH)
|
| Bottom of the 9th over - 1 run, 1 hit, 0 errors, 2 left on base; New York 6 - Atlanta 6 |
| TOP OF THE 10TH |
|
New York Mets batting - Pitching for Atlanta Braves : RHP Alard Kraaijeveld
|
|
Pitching: LHP Sam Schrecengost
|
|
|
Now at 3B: Tade Post
|
|
|
Batting: SHB Nelle van den Berg
|
0-0: Swinging Strike 0-1: Ball 1-1: Reached on error, E1 (Groundball, 13S, EV 63.8 MPH)
|
|
Batting: RHB Drtian Thaqi
|
0-0: Ball 1-0: Fly out, F8 (Flyball, 8LD, EV 83.1 MPH) Runner from 2nd tags up, OUT at 3rd! 8-5
|
|
Batting: RHB Antonio Aranda
|
0-0: Called Strike 0-1: Ball 1-1: Called Strike 1-2: Foul Ball, location: 2F 1-2: Ball 2-2: Foul Ball, location: 2F 2-2: Ball 3-2: Ground out 6-3 (Groundball, 56D, EV 97.5 MPH)
|
| Top of the 10th over - 0 runs, 0 hits, 1 error, 0 left on base; New York 6 - Atlanta 6 |
| BOTTOM OF THE 10TH |
|
Atlanta Braves batting - Pitching for New York Mets : RHP Robbie Beerbower
|
|
Pitching: LHP Ryan Price
|
|
|
Batting: LHB Evan Torraville
|
0-0: Ball 1-0: Swinging Strike 1-1: Swinging Strike 1-2: Ball 2-2: Ball 3-2: Strikes out swinging
|
|
Batting: RHB Erik Coleman
|
0-0: Ball 1-0: Swinging Strike 1-1: Ball 2-1: Called Strike 2-2: Ball 3-2: Ground out 5-3 (Groundball, 56, EV 111.2 MPH)
|
|
Batting: RHB J.J. Powers
|
0-0: Called Strike 0-1: Foul Ball, location: 2F 0-2: Strikes out looking
|
| Bottom of the 10th over - 0 runs, 0 hits, 0 errors, 0 left on base; New York 6 - Atlanta 6 |
| TOP OF THE 11TH |
|
New York Mets batting - Pitching for Atlanta Braves : LHP Sam Schrecengost
|
|
Batting: SHB Billy Encinias
|
0-0: Called Strike 0-1: Ball 1-1: Ground out 6-3 (Groundball, 6, EV 80.6 MPH)
|
|
Batting: RHB Finn Ross
|
0-0: Ball 1-0: Swinging Strike 1-1: Ground out 6-3 (Groundball, 6, EV 89.4 MPH)
|
|
Batting: LHB Kevin Bellman
|
0-0: Fly out, F8 (Flyball, 8RD, EV 105.6 MPH)
|
| Top of the 11th over - 0 runs, 0 hits, 0 errors, 0 left on base; New York 6 - Atlanta 6 |
| BOTTOM OF THE 11TH |
|
Atlanta Braves batting - Pitching for New York Mets : LHP Ryan Price
|
|
Batting: RHB Yasuhide Kasahara
|
0-0: Foul Ball, location: 2F 0-1: Swinging Strike 0-2: Fly out, F8 (Flyball, 8LD, EV 100.0 MPH)
|
|
Batting: SHB Floyd-William Goof
|
0-0: Called Strike 0-1: Foul Ball, location: 2F 0-2: Strikes out swinging
|
|
Batting: RHB Tade Post
|
0-0: Ball 1-0: Called Strike 1-1: Called Strike 1-2: Foul Ball, location: 2F 1-2: Ball 2-2: Strikes out swinging
|
| Bottom of the 11th over - 0 runs, 0 hits, 0 errors, 0 left on base; New York 6 - Atlanta 6 |
| TOP OF THE 12TH |
|
New York Mets batting - Pitching for Atlanta Braves : LHP Sam Schrecengost
|
|
Batting: RHB Josh Jones
|
0-0: Called Strike 0-1: Ball 1-1: Swinging Strike 1-2: Foul Ball, location: 2F 1-2: Fly out, F8 (Line Drive, 8RM, EV 89.4 MPH)
|
|
Batting: SHB Sean Cook
|
0-0: Swinging Strike 0-1: Ball 1-1: Ball 2-1: Called Strike 2-2: Ball 3-2: Ground out 4-3 (Groundball, 4, EV 83.1 MPH)
|
|
Batting: RHB Jeff Jank
|
0-0: Called Strike 0-1: Ball 1-1: Foul Ball, location: 2F 1-2: Strikes out swinging
|
| Top of the 12th over - 0 runs, 0 hits, 0 errors, 0 left on base; New York 6 - Atlanta 6 |
| BOTTOM OF THE 12TH |
|
Atlanta Braves batting - Pitching for New York Mets : LHP Ryan Price
|
|
Batting: LHB Erik Gretzky
|
0-0: Ball 1-0: Swinging Strike 1-1: DOUBLE (Flyball, 8LXD, EV 107.5 MPH)
|
|
Batting: RHB Ike Trout
|
0-0: Ball 1-0: Ground out 6-3 (Groundball, 56, EV 83.8 MPH)
|
|
Batting: RHB Manny Vergara
|
0-0: Intentional Walk
|
|
Pitching: LHP Steve Kelly
|
|
|
Batting: LHB Evan Torraville
|
0-0: Ball 1-0: Foul Ball, location: 2F 1-1: Ball 2-1: Ball 3-1: Fly out, F7 (Flyball, 7LS, EV 96.9 MPH)
|
|
Batting: RHB Erik Coleman
|
0-0: Ball 1-0: Ball 2-0: Swinging Strike 2-1: Swinging Strike 2-2: Ball 3-2: Base on Balls Erik Gretzky to third Manny Vergara to second
|
|
Batting: RHB J.J. Powers
|
0-0: Ball 1-0: Foul Ball, location: 2F 1-1: Ground out 4-3 (Groundball, 4, EV 88.8 MPH)
|
| Bottom of the 12th over - 0 runs, 1 hit, 0 errors, 3 left on base; New York 6 - Atlanta 6 |
| TOP OF THE 13TH |
|
New York Mets batting - Pitching for Atlanta Braves : LHP Sam Schrecengost
|
|
Pitching: LHP Shingo Miura
|
|
|
Batting: SHB Nelle van den Berg
|
0-0: Foul Ball, location: 2F 0-1: Ball 1-1: Ground out 6-3 (Groundball, 6, EV 86.9 MPH)
|
|
Batting: RHB Drtian Thaqi
|
0-0: Ball 1-0: Ball 2-0: Ball 3-0: Base on Balls
|
|
Batting: RHB Antonio Aranda
|
0-0: Called Strike 0-1: Ball 1-1: Foul Ball, location: 2F 1-2: Ball 2-2: Grounds into double play, 6-4-3 (Groundball, 6, EV 103.1 MPH)
|
| Top of the 13th over - 0 runs, 0 hits, 0 errors, 0 left on base; New York 6 - Atlanta 6 |
| BOTTOM OF THE 13TH |
|
Atlanta Braves batting - Pitching for New York Mets : LHP Steve Kelly
|
|
Batting: RHB Yasuhide Kasahara
|
0-0: Called Strike 0-1: Ball 1-1: Ball 2-1: Foul Ball, location: 2F 2-2: Foul Ball, location: 2F 2-2: Ball 3-2: DOUBLE (Line Drive, 7LD, EV 105.0 MPH)
|
|
Batting: SHB Floyd-William Goof
|
0-0: Intentional Walk
|
|
Batting: RHB Tade Post
|
0-0: Fielders Choice at 2nd, 6-4 (Groundball, 6M, EV 85.0 MPH) Yasuhide Kasahara to third
|
|
Batting: LHB Erik Gretzky
|
0-0: Called Strike Tade Post steals 2nd base (no throw) 0-1: Foul Ball, location: 2F 0-2: Reaches on Catchers interference
|
|
Batting: RHB Ike Trout
|
0-0: Called Strike 0-1: Called Strike 0-2: Foul Ball, location: 2F 0-2: Ball 1-2: Fly out, F8 (Flyball, 8RXD, EV 96.2 MPH) Runner from 3rd tags up, SCORES, no throw by CF
|
| Bottom of the 13th over - 1 run, 1 hit, 1 error, 2 left on base; New York 6 - Atlanta 7 |
|